 Dungeon Crawl Stone Soup version 0.18-a0-241-g014938f (webtiles) character file.

1189 Proton the Skirmisher (level 8, 0/70 HPs)
             Began as a Hill Orc Fighter on Nov 25, 2015.
             Slain by a wyvern (5 damage)
             ... on level 6 of the Dungeon.
             The game lasted 00:09:03 (6406 turns).

Proton the Skirmisher (Hill Orc Fighter)            Turns: 6406, Time: 00:09:03

Health: 0/70       AC: 11    Str: 21    XL:     8   Next: 43%
Magic:  8/8        EV:  7    Int:  8    God:
Gold:   324        SH: 10    Dex: 10    Spells: 0 memorised, 7 levels left

rFire  . . .     SeeInvis .     a - +0 long sword
rCold  . . .     Clarity  .     b - +0 chain mail
rNeg   . . .     SustAt   .     c - +0 shield
rPois  .         Gourm    .     (no helmet)
rElec  .         Spirit   .     (no cloak)
rCorr  +         Warding  .     (no gloves)
rMut   .         Stasis   .     D - +0 pair of boots
MR     .....                    E - amulet of resist corrosion
Stlth  ..........               (no ring)
                                k - ring of flight

@: not resistant to hostile enchantments, extremely unstealthy
A: no striking features
a: Evoke Flight


You were on level 6 of the Dungeon.
You were not hungry.

You visited 1 branch of the dungeon, and saw 6 of its levels.
You also visited: Sewer and Ossuary.

You collected 324 gold pieces.

Inventory:

Hand Weapons
 a - a +0 long sword (weapon)
Armour
 b - a +0 chain mail (worn)
 c - a +0 shield (worn)
 D - a +0 pair of boots (worn)
Jewellery
 k - a ring of flight (left hand)
 E - an amulet of resist corrosion (around neck)
Wands
 x - a wand of frost (40)
Scrolls
 e - 2 scrolls of magic mapping {unknown}
 g - a scroll of random uselessness {unknown}
 i - 8 scrolls of identify {unknown}
 m - 2 scrolls of remove curse {unknown}
 o - a scroll of noise {unknown}
 q - 2 scrolls of amnesia {unknown}
 s - 2 scrolls of teleportation {unknown}
 y - 2 scrolls of enchant armour {unknown}
 z - a scroll of holy word {unknown}
 F - a scroll of recharging {unknown}
Potions
 d - 4 potions of might
 f - 2 potions of agility {unknown}
 h - 2 potions of haste
 j - 6 potions of curing
 n - 2 potions of flight
 p - a potion of heal wounds {unknown}
 r - 3 potions of brilliance {unknown}
 v - a potion of lignification {unknown}
 w - a potion of ambrosia {unknown}
 A - a potion of poison {unknown}
 B - a potion of cure mutation {unknown}
 C - a potion of mutation {unknown}
Comestibles
 l - 2 fruits
 t - a meat ration
 u - 3 bread rations


   Skills:
 + Level 6.2 Fighting
 + Level 5.3 Long Blades
 + Level 5.7 Armour
 + Level 3.3 Dodging
 + Level 5.8 Shields


You had 7 spell levels left.
You didn't know any spells.

Dungeon Overview and Level Annotations

Branches:
Dungeon (6/15)
 Temple: D:4-7

Altars:
Dithmenos
Elyvilon
Fedhas
Gozag
Kikubaaqudgha
Nemelex Xobeh
Sif Muna
Trog
Vehumet
Xom
Yredelemnul
Zin
The Shining One


Message History

* * * LOW HITPOINT WARNING * * *
You hit the wyvern.
The wyvern is heavily wounded.
The wyvern bites you but does no damage.
You block the wyvern's attack.
You barely miss the wyvern.
The wyvern is heavily wounded.
The wyvern bites you but does no damage. x2
You hit the wyvern.
The wyvern is severely wounded.
The wyvern bites you!
* * * LOW HITPOINT WARNING * * *
You block the wyvern's attack.
You closely miss the wyvern.
The wyvern is severely wounded.
The wyvern bites you but does no damage.
You hit the wyvern.
The wyvern is almost dead.
The wyvern bites you.
You die...

...#.....#......#.......#
...#.....#......#.......#
...#.....#####+#####....#
...#>....##....##.##....#
...#.....##.......'.....#
+###.....##.......#.....#
........+.......#.....#
.........##.......##....#
.........#######@.#######
.##............l........
#.......####.####.....
... ..... ... .... #...
... .... ... .#..


You could see a wyvern.

Vanquished Creatures
  A water moccasin (D:6)
  A phantom (D:4)
  An ogre (D:6)
  A big kobold (Sewer)
  A giant frog zombie (D:6)
  A crimson imp (D:6)
  2 orc priests
  A hound (D:4)
  A giant frog skeleton (D:6)
  4 orc wizards
  5 worker ants
  7 big kobold zombies (Ossuary)
  A hound zombie (D:6)
  2 mummies (Ossuary)
  8 adders
  A river rat (Sewer)
  2 oozes
  4 adder zombies (Ossuary)
  3 worms
  An adder skeleton (D:4)
  4 giant geckos
  26 orcs
  6 bats
  7 giant cockroaches
  3 gnoll zombies (Ossuary)
  3 goblins
  4 hobgoblins
  11 jackals
  A quokka (D:4)
  2 ball pythons (D:3)
  A giant gecko skeleton (D:6)
  A giant gecko zombie (D:6)
  6 giant newts
  5 hobgoblin zombies (Ossuary)
  12 kobolds
  A kobold zombie (Ossuary)
  4 orc zombies (Ossuary)
  11 rats
  A spectral orc (D:3)
157 creatures vanquished.

Notes
Turn   | Place    | Note
--------------------------------------------------------------
     0 | D:1      | Proton the Hill Orc Fighter began the quest for the Orb.
     0 | D:1      | Reached XP level 1. HP: 19/19 MP: 1/1
   155 | D:1      | Reached XP level 2. HP: 22/27 MP: 2/2
   686 | D:2      | Reached XP level 3. HP: 22/33 MP: 3/3
   959 | D:2      | Reached skill level 1 in Dodging
  1012 | D:2      | Found a glowing silver altar of Zin.
  1346 | D:2      | Reached skill level 4 in Fighting
  1507 | D:3      | Found a glowing drain.
  1513 | D:3      | Reached XP level 4. HP: 30/40 MP: 4/4
  1532 | Sewer    | Entered a sewer
  1823 | Sewer    | Noticed a big kobold
  1840 | Sewer    | Killed a big kobold
  1840 | Sewer    | Reached XP level 5. HP: 35/47 MP: 5/5
  1873 | Sewer    | Found a white marble altar of Elyvilon.
  2144 | D:3      | Found a basalt altar of Yredelemnul.
  2382 | D:3      | Reached XP level 6. HP: 14/55 MP: 6/6
  2478 | D:3      | Reached skill level 5 in Fighting
  2776 | D:3      | Found a bloodstained altar of Trog.
  2844 | D:3      | Found a radiant altar of Vehumet.
  2846 | D:3      | Found an ancient bone altar of Kikubaaqudgha.
  2846 | D:3      | Found a deep blue altar of Sif Muna.
  2851 | D:3      | Identified Kikubaaqudgha's Collected Works on Evil Secrets
  2861 | D:3      | Identified Sif Muna's Compendium of Creation
  2869 | D:3      | Identified Vehumet's Papyrus of Combat Magic
  2975 | D:3      | Found a glowing golden altar of the Shining One.
  2975 | D:3      | Found a white marble altar of Elyvilon.
  3534 | D:4      | Found a shadowy altar of Dithmenos.
  3535 | D:4      | Found a blossoming altar of Fedhas.
  3573 | D:4      | Found a sparkling altar of Nemelex Xobeh.
  3603 | D:4      | Reached XP level 7. HP: 46/61 MP: 7/7
  3838 | D:5      | Entered Level 5 of the Dungeon
  3955 | D:5      | Found a white marble altar of Elyvilon.
  4334 | D:5      | Found an opulent altar of Gozag.
  4446 | D:5      | Reached skill level 5 in Shields
  4635 | D:6      | Reached skill level 5 in Armour
  4720 | D:6      | Found a sand-covered staircase.
  4724 | Ossuary  | Entered an ossuary
  5342 | Ossuary  | HP: 2/62 [mummy (3)]
  5343 | Ossuary  | Reached XP level 8. HP: 2/70 MP: 8/8
  5713 | D:6      | Found a shimmering altar of Xom.
  5871 | D:6      | Reached skill level 5 in Long Blades
  5894 | D:6      | Reached skill level 6 in Fighting
  6406 | D:6      | Slain by a wyvern

Vault maps used:
D:1:      dpeg_arrival_ternary
D:2:      lemuel_doored_altar, corexii_shack
D:3:      grunt_temple_overflow_magic_moments,
          yredelemnul_forgotten_temple_becter, lightli_temple_of_fire,
          gammafunk_temple_overflow_pools, gup_sewer_entry_glass
D:4:      kennysheep_mini_moat, gammafunk_temple_overflow_statue, first_bread,
          kennysheep_generic_room_9
D:5:      lemuel_coloured_pillars_altar, elyvilon_altar_5
D:6:      old_standard_altar, enter_ossuary_5, basic_altar
Sewer:    sewer_kobolds
Ossuary:  ossuary_tomb_2

Action                   |  1- 3 |  4- 6 |  7- 9 || total
-------------------------+-------+-------+-------++-------
Melee: Long sword        |   161 |   224 |   343 ||   728
 Abil: Evoke Flight      |       |     1 |       ||     1
  Use: Potion            |       |     3 |       ||     3
  Eat: Bread ration      |     1 |     1 |       ||     2
       Fruit             |       |     1 |     1 ||     2
       Meat ration       |       |       |     2 ||     2
       Pizza             |       |       |     1 ||     1
       Beef jerky        |       |       |     1 ||     1
